 Dungeon Crawl Stone Soup version 0.18.1-5-g4a78601 (webtiles) character file.

385 tbh1313 the Cudgeler (level 6, -1/55 HPs)
             Began as a Gargoyle Fighter on May 10, 2016.
             Was a Follower of Ashenzari.
             Slain by a tengu (3 damage)
             ... on level 4 of the Dungeon.
             The game lasted 00:09:49 (2601 turns).

tbh1313 the Cudgeler (Gargoyle Fighter)             Turns: 2601, Time: 00:09:50

Health: -1/55      AC: 23    Str: 21    XL:     6   Next: 77%
Magic:  6/6        EV:  2    Int:  9    God:    Ashenzari [*.....]
Gold:   13         SH:  9    Dex:  9    Spells: 0 memorised, 5 levels left

rFire  . . .     SeeInvis .     i - +0 whip
rCold  . . .     Gourm    .     (armour currently unavailable)
rNeg   + + +     Faith    .     c - +0 shield (curse)
rPois  ∞         Spirit   .     (helmet currently unavailable)
rElec  .         Dismiss  .     (cloak currently unavailable)
rCorr  .         Reflect  .     (gloves currently unavailable)
SustAt .         Harm     .     (boots currently unavailable)
MR     .....     NoTele   +     (no amulet)
Stlth  +.........               (no ring)
                                (no ring)

@: exhausted, tree-form, not resistant to hostile enchantments, very unstealthy
A: negative energy resistance 1, (shaggy fur 0), (electricity resistance),
(unbreathing), petrification resistance, rot immunity, AC +4
a: Curse Item, Scrying, Renounce Religion


You were on level 4 of the Dungeon.
You worshipped Ashenzari.
Ashenzari was aware of your devotion.
You were not hungry.
You were a tree.
You visited 1 branch of the dungeon, and saw 4 of its levels.

You collected 269 gold pieces.
You spent 256 gold pieces at shops.

Inventory:

Hand Weapons
 i - a +0 whip (weapon)
Armour
 b - a +0 scale mail
 c - a cursed +0 shield (worn)
 d - a cursed +0 helmet (melded)
 j - a +0 chain mail (melded)
 o - the +0 ring mail of the Gusle {rC+}
   (You bought it in a shop on level 4 of the Dungeon)

   It protects you from cold.
 p - a +2 pair of gloves (melded)
Wands
 l - a wand of polymorph (5/24)
Scrolls
 e - a scroll of teleportation
 k - a scroll of blinking
Potions
 n - a potion of curing
Comestibles
 f - 4 bread rations
 g - 2 meat rations
 h - 5 chunks of flesh


   Skills:
 - Level 3.2 Fighting
 + Level 7.0 Maces & Flails
 - Level 3.2 Armour
 - Level 3.2 Shields


You had 5 spell levels left.
You didn't know any spells.

Dungeon Overview and Level Annotations

Branches:
Dungeon (4/15)
 Temple: D:4-7

Altars:
Ashenzari
The Shining One

Shops:
D:4 *


Innate Abilities, Weirdness & Mutations

You are resistant to torment.
((Your stone body is resilient (AC +4).))
You are immune to poison.
You resist negative energy.
((You are resistant to electric shocks.))
((You can survive without breathing.))
You are immune to petrification.
You are immune to rotting.
((You are covered in thick fur (AC +2).))


Message History

* * * LOW HITPOINT WARNING * * *
You closely miss the tengu.
The tengu is almost dead.
The giant cockroach bites you but does no damage.
The tengu hits you but does no damage. The tengu pecks you but does no damage.
The tengu claws you but does no damage.
You barely miss the tengu.
The tengu is almost dead.
The giant cockroach bites you but does no damage.
You hit the tengu.
The tengu is almost dead.
You block the tengu's attack. The tengu pecks you but does no damage.
The tengu claws you but does no damage.
The giant cockroach bites you but does no damage.
You closely miss the tengu.
The tengu is almost dead.
The tengu hits you.
* * * LOW HITPOINT WARNING * * *
You block the tengu's attack. The tengu claws you.
You die...

........###########..
........##...........
........##..........#
.....O..##...∩....#.#
#%s(..........#
####....[....##
#...).......
#######........###
#♣Q........##.##
#.s...........#
#.......)...###
#...........#
#.........)##
#..........#
#..........#
#..........#
############


You could see a tengu and a giant cockroach.

Vanquished Creatures
  An ogre (D:4)
  A centaur (D:4)
  A hound (D:4)
  A worker ant (D:4)
  4 gnolls (D:3)
  5 adders
  2 oozes (D:2)
  3 worms
  A dart slug (D:2)
  A giant gecko (D:1)
  3 orcs (D:4)
  A giant cockroach (D:1)
  7 goblins
  6 hobgoblins
  2 jackals (D:2)
  A quokka (D:4)
  3 ball pythons
  10 bats
  2 giant newts (D:2)
  5 kobolds
  7 rats
67 creatures vanquished.

Notes
Turn   | Place    | Note
--------------------------------------------------------------
     0 | D:1      | tbh1313 the Gargoyle Fighter began the quest for the Orb.
     0 | D:1      | Reached XP level 1. HP: 14/14 MP: 1/1
    89 | D:1      | Reached XP level 2. HP: 17/19 MP: 2/2
   204 | D:1      | Reached skill level 3 in Maces & Flails
   252 | D:1      | Found a shattered altar of Ashenzari.
   274 | D:1      | Became a worshipper of Ashenzari the Shackled
   739 | D:1      | Reached XP level 3. HP: 23/23 MP: 3/3
   948 | D:2      | You fall through a shaft for 2 floors!
   980 | D:3      | Gained mutation: You are covered in fur (AC +1). [potion of beneficial mutation]
   981 | D:3      | Gained mutation: You are covered in thick fur (AC +2). [potion of beneficial mutation]
  1136 | D:3      | Reached skill level 4 in Maces & Flails
  1184 | D:2      | Reached XP level 4. HP: 5/28 MP: 4/4
  1439 | D:2      | Reached * piety under Ashenzari
  1529 | D:2      | Reached skill level 5 in Maces & Flails
  1533 | D:2      | Reached XP level 5. HP: 26/32 MP: 5/5
  2287 | D:4      | Found a glowing golden altar of the Shining One.
  2458 | D:4      | Found Plog's Assorted Antiques.
  2466 | D:4      | Bought an ancient ring mail for 171 gold pieces
  2466 | D:4      | Bought a pair of glowing gloves for 85 gold pieces
  2500 | D:4      | Reached skill level 6 in Maces & Flails
  2533 | D:4      | Noticed a centaur
  2542 | D:4      | Noticed an ogre
  2549 | D:4      | Killed a centaur
  2549 | D:4      | Reached XP level 6. HP: 21/37 MP: 6/6
  2558 | D:4      | Reached skill level 7 in Maces & Flails
  2601 | D:4      | HP: 2/55 [tengu (1)]
  2601 | D:4      | Slain by a tengu

Skill      XL: |  1  2  3  4  5  6 |
---------------+-------------------+-----
Maces & Flails | 3 4 5 6 7 |  7.0
Fighting       | |  3.2
Armour         | |  3.2
Shields        | |  3.2

Action                   |  1- 3 |  4- 6 || total
-------------------------+-------+-------++-------
Melee: Flail             |    39 |       ||    39
       Whip              |   121 |   258 ||   379
Invok: Curse Item        |       |     2 ||     2
Evoke: Wand              |       |     4 ||     4
  Use: Scroll            |     5 |     4 ||     9
       Potion            |     4 |     3 ||     7
  Eat: Chunk             |     1 |     6 ||     7
Armor: Scale mail        |    97 |    79 ||   176
       Chain mail        |       |    84 ||    84
       Skin              |       |    39 ||    39
Dodge: Dodged            |    51 |    71 ||   122
Block: Shield            |   109 |   108 ||   217
